 Dungeon Crawl Stone Soup version 0.30.1 (webtiles) character file.

Game seed: 226088268049860676

591 Graphine the Chopper (level 7, -2/61 HPs)
             Began as a Hill Orc Fighter on July 7, 2023.
             Was an Initiate of the Shining One.
             Slain by Pikel
             ... wielding a +2 whip of electrocution
              (10 damage)
             ... on level 4 of the Dungeon.
             The game lasted 00:10:11 (3710 turns).

Graphine the Chopper (Hill Orc Fighter)             Turns: 3710, Time: 00:10:11

Health: -2/61      AC: 10    Str: 21    XL:     7   Next: 39%
Magic:  7/7        EV:  9    Int: 11    God:    the Shining One [......]
Gold:   131        SH:  6    Dex: 10    Spells: 6/6 levels left

rFire   + . .        a - +1 war axe (freeze)
rCold   . . .        c - +1 buckler
rNeg    . . .        b - +0 scale mail
rPois   .            l - +2 helmet {Int+3}
rElec   .            (no cloak)
rCorr   .            (no gloves)
SInv    .            (no boots)
Will    .....        (no amulet) Stlth
                     k - ring of protection from fire
HPRegen 0.30/turn    (no ring)
MPRegen 0.10/turn

%: no passive effects
@: glowing
A: no striking features
a: Renounce Religion


You were on level 4 of the Dungeon.
You worshipped the Shining One.
The Shining One was noncommittal.
You visited 2 branches of the dungeon, and saw 5 of its levels.

You collected 288 gold pieces.
You spent 157 gold pieces at shops.

Inventory:

Hand Weapons
 a - a +1 war axe of freezing (weapon)
 d - a +4 dire flail
Missiles
 s - 5 silver boomerangs
 t - 10 boomerangs (quivered)
Armour
 b - a +0 scale mail (worn)
 c - a +1 buckler (worn)
 l - a +2 helmet of intelligence (worn)
 x - a scarf of harm
Jewellery
 e - a +6 ring of intelligence
 k - a ring of protection from fire (left hand)
Scrolls
 m - 2 scrolls of teleportation
 q - a scroll of enchant armour
 r - a scroll of identify
 u - 2 scrolls of fear {unknown}
 w - a scroll of fog {unknown}
Potions
 f - 5 potions of flight
 g - a potion of haste {unknown}
 i - a potion of lignification {unknown}
 j - a potion of curing
 n - 2 potions of invisibility
 o - 2 potions of magic
 p - 2 potions of degeneration {unknown}
 v - a potion of resistance {unknown}


   Skills:
 + Level 5.5 Fighting
 * Level 6.9 Axes
 + Level 5.0 Armour
 + Level 4.9 Shields


You had 6 spell levels left.
You didn't know any spells.
Your spell library contained the following spells:

 Spells                   Type           Power      Damage    Failure   Level
 Beastly Appendage        Tmut           0%         N/A       75%         1
 Blink                    Tloc           0%         N/A       86%         2
 Ensorcelled Hibernation  Hex/Ice        0%         N/A       86%         2
 Lesser Beckoning         Tloc           0%         N/A       86%         2
 Momentum Strike          Conj/Tloc      0%         3d8       86%         2
 Passwall                 Tmut/Erth      0%         N/A       86%         2
 Wereblood                Tmut           0%         N/A       86%         2
 Gell's Gravitas          Tloc           0%         N/A       98%         3
 Spider Form              Tmut/Pois      0%         N/A       98%         3
 Swiftness                Air            0%         N/A       98%         3
 Teleport Other           Tloc           0%         N/A       98%         3


Dungeon Overview and Level Annotations

Branches:
Dungeon (4/15)             Temple (1/1) D:4

Altars:
Ashenzari
Dithmenos
Elyvilon
Gozag
Makhleb
Nemelex Xobeh
Ru
Trog
Vehumet
Wu Jian
Xom
Yredelemnul
Zin
The Shining One

Shops:
D:2 [   D:4 !

Annotations:
D:4 Pikel


Message History

Pikel is heavily wounded.
Pikel hits you with a +2 whip of electrocution. x2
Cleave: a) +1 war axe (freeze)
Press: ? - help, Dir - move target, f/p - Pikel
Aim: Pikel, wielding a +2 whip of electrocution and wearing a +0 robe (heavily wounded, about 47% to evade your +1 war axe of freezing)
You barely miss Pikel.
Pikel is heavily wounded.
You block Pikel's attack.
Cleave: a) +1 war axe (freeze)
Press: ? - help, Dir - move target, f/p - Pikel
Aim: Pikel, wielding a +2 whip of electrocution and wearing a +0 robe (heavily wounded, about 47% to evade your +1 war axe of freezing)
You barely miss Pikel.
Pikel is heavily wounded.
Pikel hits you with a +2 whip of electrocution.
* * * LOW HITPOINT WARNING * * *
Cleave: a) +1 war axe (freeze)
Press: ? - help, Dir - move target, f/p - Pikel
Aim: Pikel, wielding a +2 whip of electrocution and wearing a +0 robe (heavily wounded, about 47% to evade your +1 war axe of freezing)
You closely miss Pikel.
Pikel is heavily wounded.
Pikel barely misses you.
Cleave: a) +1 war axe (freeze)
Press: ? - help, Dir - move target, f/p - Pikel
Aim: Pikel, wielding a +2 whip of electrocution and wearing a +0 robe (heavily wounded, about 47% to evade your +1 war axe of freezing)
You slash Pikel! You freeze Pikel.
Pikel is severely wounded.
Pikel closely misses you.
Cleave: a) +1 war axe (freeze)
Press: ? - help, Dir - move target, f/p - Pikel
Aim: Pikel, wielding a +2 whip of electrocution and wearing a +0 robe (severely wounded, about 47% to evade your +1 war axe of freezing)
You hit Pikel. You freeze Pikel.
Pikel is almost dead.
Pikel hits you with a +2 whip of electrocution.
* * * LOW HITPOINT WARNING * * *
You are electrocuted!
* * * LOW HITPOINT WARNING * * *
Pikel barely misses you.
You feel better.
Pikel hits you with a +2 whip of electrocution!
You die...

#..........##.########..
#......................#
#...........#####.....†#
#...........# ##........
#...........# ..........
#########.#####.>.......
##....)..........
####...####.........
#5K@..#####.........
#5###...............


5oo ########......... ..... ................. ....### ########..†...... ....
#......... ... #......... .. ##........ ##......# You could see Pikel, 3 lemures
and an orc.

Vanquished Creatures
  2 ogres (D:3)
  2 kobold brigands (D:3)
  The ghost of Cauliflower the Insei, a weakling GnTm of Uskayaw (D:3)
  A jelly (D:4)
  Jessica (D:3)
  An iguana (D:4)
  6 adders
  4 worms
  2 dart slugs
  2 orcs
  7 bats
  7 endoplasms
  5 giant cockroaches
  4 goblins
  8 hobgoblins
  7 jackals (D:3)
  15 kobolds
  2 quokkas
  7 ball pythons
  4 frilled lizards
  10 rats
98 creatures vanquished.

Notes
Turn   | Place    | Note
-------+----------+-------------------------------------------
     0 | D:1      | Graphine the Hill Orc Fighter began the quest for the Orb.
     0 | D:1      | Reached XP level 1. HP: 19/19 MP: 1/1
   185 | D:1      | Reached skill level 3 in Axes
   222 | D:1      | Reached XP level 2. HP: 23/27 MP: 2/2
   700 | D:2      | Reached XP level 3. HP: 31/33 MP: 3/3
   930 | D:2      | Found Quon's Antique Armour Shoppe.
   999 | D:2      | Found a shimmering altar of Xom.
  1465 | D:3      | Reached skill level 4 in Axes
  1494 | D:3      | Found a transporter.
  1494 | D:3      | Noticed an ogre
  1495 | D:3      | Noticed Cauliflower's ghost (weakling GnTm)
  1497 | D:3      | Noticed an ogre
  1587 | D:3      | Noticed Jessica
  1592 | D:3      | Killed Jessica
  1593 | D:3      | Reached XP level 4. HP: 36/40 MP: 4/4
  1917 | D:3      | Reached XP level 5. HP: 45/47 MP: 5/5
  2025 | D:3      | Noticed a kobold brigand
  2025 | D:3      | Noticed a kobold brigand
  2036 | D:3      | Killed a kobold brigand
  2037 | D:3      | Reached skill level 5 in Axes
  2038 | D:3      | Killed a kobold brigand
  2039 | D:3      | Reached XP level 6. HP: 13/55 MP: 6/6
  2399 | D:3      | Found a faded altar of an unknown god.
  2733 | D:3      | Found a transporter.
  2740 | D:3      | Killed Cauliflower's ghost
  2741 | D:3      | Reached skill level 5 in Fighting
  2743 | D:3      | Reached skill level 6 in Axes
  2748 | D:3      | Reached XP level 7. HP: 42/61 MP: 7/7
  2886 | D:2      | Bought a shiny helmet for 157 gold pieces
  2951 | D:4      | Found a basalt altar of Yredelemnul.
  3172 | D:4      | Reached skill level 5 in Armour
  3257 | D:4      | Found a staircase to the Ecumenical Temple.
  3323 | D:4      | Found a shimmering altar of Xom.
  3353 | Temple   | Entered the Ecumenical Temple
  3565 | Temple   | Became a worshipper of the Shining One
  3589 | D:4      | Found Ulouf's Distillery.
  3603 | D:4      | Found a shimmering altar of Xom.
  3676 | D:4      | Noticed Pikel
  3709 | D:4      | HP: 2/61 [Pikel/+2 whip of electrocution (11)]
  3710 | D:4      | Slain by Pikel

Illustrated notes

Levels and vault maps discovered:
D:1:      erik_arrival_cave_to_civilisation [erik_arrival_cave_to_hall],
          layout_basic, minmay_tetromino_i4
D:2:      layout_rooms, serial_glass, glass_columns_a, glass_columns_a,
          basic_altar, serial_shops, shop, supply_closet_lemuel, st_stairs_7,
          minmay_randomly_rotated_circles
D:3:      cheibrodos_thug_alley, layout_basic,
          dilly_ecumenical_altar_fadedgnrine, gammafunk_ghost_smash,
          minmay_unequal, uniq_jessica
D:4:      layout_rooms, lemuel_round_altar, mainiacjoe_overflow_alcove_2,
          xom_redecorated, minmay_temple_entry_stoned_glass, serial_shops,
          shop_fountains, uniq_pikel
Temple:   nicolae_temple_bog_church

Skill      XL: |  1  2  3  4  5  6  7 |
---------------+----------------------+-----
Axes           | 3 4 5 6 |  6.9
Fighting       | 4 5 |  5.5
Armour         | 4 5 |  5.0
Shields        | 4 |  4.9

Action                     |  1- 3 |  4- 6 |  7- 9 || total
---------------------------+-------+-------+-------++-------
  Melee: War axe           |    98 |    69 |    86 ||   253
    Use: Scroll            |     6 |       |     4 ||    10
         Potion            |       |     3 |     4 ||     7
   Stab: Invisible         |       |     2 |       ||     2
 Armour: Scale mail        |    40 |    18 |    32 ||    90
  Dodge: Dodged            |    50 |    34 |    26 ||   110
  Block: Buckler           |    21 |    20 |    15 ||    56
